Workbook

Sheet Instructions
A5: Medical Expense Template
A6: Client Name: | B6: Your name goes here
A7: Tax Year: | B7: The tax year goes here
A8: PREPARED BY CLIENT
B10: Basic Instructions
B11: The following excel workbook has been broken out into medical expenses and medical travel details. Please see each tab available along the bottom of this excel workbook. This workbook helps ensure all expenses and deductions have been accounted for. Please add extra columns or rows as needed (right click on a row number or column letter and click 'insert'). Detailed instructions are provided on each of these tabs to help you complete the worksheets easily.

Sheet Medical Expenses
A5: Medical Expense Template
A6: Client Name: | B6: =Instructions!B6 -> Your name goes here
A7: Tax Year: | B7: =Instructions!B7 -> The tax year goes here
A8: PREPARED BY CLIENT
A10: Instructions
A11: Medical Expenses for every member of the family can be compiled together with the exception of elderly parents and children over 18: any dependants who have their own income should have a separate medical expense summary completed. We'd recommend asking your pharmacy and paramedical service provider (chiropractor, registered message therapist, accuuncturist, etc.) for a summary of your expenses for calendar year. Totals can be put into the table below. Some common medical expenses that are not deductible include: Medical Service Premums (monthly MSP payments), natural supplements without a DIN number (or not administered directly by a naturalpath), non-registered massage services, and registered clinical counsellor services. Medical expenses reimbursed by an employer, insurance provider, or ICBC claim are not tax deductible. Copies of prescriptions are needed when claiming hearing aids, mobility devices (wheel chairs), orthotics, and orthopedic devices (leg braces, etc.). Ensure you keep all medical receipts. CRA may ask for copies of your documents in the event of an audit. Total medical expenses amounting to over $5k are more likely to be picked up for audit. Creekside Accounting staff may ask for copies of your receipts in anticipation of this.
A32: Medical Expenses - Not Required to Provide Creekside Receipts (But Keep For Your Records Encase of Audit)
A33: Date | B33: Patient's Name | C33: Description | D33: Invoice Total | E33: Reimbursed Portion | F33: Deductible Expense
A34: 43115 | B34: Example | C34: Chiropractic | D34: 55 | E34: 44 | F34: =D34-E34 -> 11
F35: =D35-E35 -> 0
F36: =D36-E36 -> 0
F37: =D37-E37 -> 0
F38: =D38-E38 -> 0
F39: =D39-E39 -> 0
F40: =D40-E40 -> 0
F41: =D41-E41 -> 0
F42: =D42-E42 -> 0
F43: =D43-E43 -> 0
F44: =D44-E44 -> 0
F45: =D45-E45 -> 0
F46: =D46-E46 -> 0
... F61: =D61-E61 -> 0
A62: Year to Date Total | D62: =SUM(D35:D61) -> 0 | E62: =SUM(E35:E61) -> 0 | F62: =SUM(F35:F61) -> 0

Sheet Medical (Dependant)
A5: Medical Expense Template
A6: Client Name: | B6: =Instructions!B6 -> Your name goes here
A7: Tax Year: | B7: =Instructions!B7 -> The tax year goes here
A8: PREPARED BY CLIENT
A10: Instructions
A11: Medical Expenses for every member of the family can be compiled together with the exception of elderly parents and children over 18: any dependants who have their own income should have a separate medical expense summary completed. We'd recommend asking your pharmacy and paramedical service provider (chiropractor, registered message therapist, accuuncturist, etc.) for a summary of your expenses for calendar year. Totals can be put into the table below. Some common medical expenses that are not deductible include: Medical Service Premums (monthly MSP payments), natural supplements without a DIN number (or not administered directly by a naturalpath), non-registered massage services, and registered clinical counsellor services. Medical expenses reimbursed by an employer, insurance provider, or ICBC claim are not tax deductible. Copies of prescriptions are needed when claiming hearing aids, mobility devices (wheel chairs), orthotics, and orthopedic devices (leg braces, etc.). Ensure you keep all medical receipts. CRA may ask for copies of your documents in the event of an audit. Total medical expenses amounting to over $5k are more likely to be picked up for audit. Creekside Accounting staff may ask for copies of your receipts in anticipation of this.
A32: Medical Expenses - Not Required to Provide Creekside Receipts (But Keep For Your Records Encase of Audit)
A33: Date | B33: Patient's Name | C33: Description | D33: Invoice Total | E33: Reimbursed Portion | F33: Deductible Expense
A34: 43115 | B34: Example | C34: Chiropractic | D34: 55 | E34: 44 | F34: =D34-E34 -> 11
F35: =D35-E35 -> 0
F36: =D36-E36 -> 0
F37: =D37-E37 -> 0
F38: =D38-E38 -> 0
F39: =D39-E39 -> 0
F40: =D40-E40 -> 0
F41: =D41-E41 -> 0
F42: =D42-E42 -> 0
F43: =D43-E43 -> 0
F44: =D44-E44 -> 0
F45: =D45-E45 -> 0
F46: =D46-E46 -> 0
... F53: =D53-E53 -> 0
A54: Year to Date Total | D54: =SUM(D35:D53) -> 0 | E54: =SUM(E35:E53) -> 0 | F54: =SUM(F35:F53) -> 0

Sheet Medical Travel Details
A5: Medical Expense Template
A6: Client Name: | B6: =Instructions!B6 -> Your name goes here
A7: Tax Year: | B7: =Instructions!B7 -> The tax year goes here
A8: PREPARED BY CLIENT
A10: Instructions
A11: If you travel more than 40 kilometers for a medical procedure you can claim medical travel costs if similar services were not available in your area. We will calculate mileage and meal amounts for you. Receipts do not need to be kept for gas or meals. If you would like to claim extra meical costs for an attendant (spouse, family member, friend) who attending you, a doctor's prescription is required. Please provide us the details of each trip taken for medical purposes. Copy and paste the formating for additional trips that may have been taken in the year.
A21: Not Required to Provide Creekside Receipts (But Keep For Your Records Encase of Audit)
A22: Trip # 1
A23: Name of patient:
A24: Name of attendant:
A25: Reason for trip:
A26: Start date of trip:
A27: Return date of trip:
A28: Method of travel (driving, flying, etc.)
A29: Accomodation Costs:
... A64: Parking costs:
A110: Year to Date Total | C110: =SUM(C89:C109) -> 0 | D110: =SUM(D89:D109) -> 0 | F110: =SUM(F89:F109) -> 0 | G110: =SUM(G89:G109) -> 0
